[Event "Titled Tuesday Blitz May 16 Early 2023"]
[White "Suyarov, Mukhammadzokhid"]
[Black "Begunov, Konstantin"]
[WhiteFideId "14210495"]
[BlackFideId "4118510"]
[WhiteElo "2361"]
[BlackElo "2050"]
[Result "1-0"]
[Round "01"]
[TimeControl "180+2"]
[Date "2023.05.16"]
[WhiteClock "0:00:22"]
[BlackClock "0:00:04"]

1. d4 d5 2. Nc3 Bf5 3. f3 Nf6 4. g4 Bg6 5. h4 h6 6. Bf4 e6 7. e3 Bd6 8. Nh3 c5 9. Nb5 Bxf4 10. Nxf4 Bh7 11. dxc5 O-O 12. g5 Nfd7 13. gxh6 gxh6 14. Qd2 Qf6 15. O-O-O Nxc5 16. Nc7 Nc6 17. Nxa8 Rxa8 18. Qc3 Qxc3 19. bxc3 Ne5 20. Be2 Na4 21. c4 Rc8 22. Rd4 b5 23. e4 dxc4 24. Kd2 Kf8 25. Ke3 Nc3 26. a3 Nc6 27. Rd6 Ke7 28. Rhd1 Nxd1+ 29. Rxd1 Ne5 30. Rb1 a6 31. Nh5 f5 32. f4 Ng4+ 33. Kd4 Rd8+ 34. Kc3 Nf2 35. e5 Ne4+ 36. Kb2 Rd2 37. Re1 c3+ 38. Kc1 Bg6 39. Nf6 Nxf6 40. exf6+ Kxf6 41. Bd1 Rd4 42. h5 Be8 43. Re3 Rxf4 44. Rxc3 Rd4 45. Rc8 Bd7 46. Rh8 Kg5 47. Rg8+ Kh4 48. Rg6 f4 49. Rxh6 e5 50. Rf6 Kg5 51. Rf7 Be6 52. Ra7 Bf5 53. Rxa6 e4 54. h6 f3 55. Ra8 f2 56. Be2 e3 57. Rf8 Rd7 58. Bxb5 Rh7 59. Kd1 Rxh6 60. Ke2 Rh3 61. Rxf5+ Kxf5 62. Bd7+ Ke4 63. Bxh3 Kd4 64. Bf1 Kc3 65. a4 Kb4 66. Kxe3 Kxa4 67. Kxf2 Kb4 68. Bd3 Kc3 69. Ke3 1-0


[Site "https://www.chess.com"]

[Event "Titled Tuesday Blitz May 16 Early 2023"]
[White "Tanmay Jain"]
[Black "Sviridov, Valery"]
[WhiteFideId "45015481"]
[BlackFideId "4120680"]
[WhiteElo "2032"]
[BlackElo "2457"]
[Result "0-1"]
[Round "01"]
[TimeControl "180+2"]
[Date "2023.05.16"]
[WhiteClock "0:00:13"]
[BlackClock "0:01:35"]

1. e4 Nf6 2. Nc3 d5 3. exd5 Nxd5 4. Nxd5 Qxd5 5. d4 Nc6 6. Be3 Bf5 7. Nf3 O-O-O 8. Be2 e5 9. dxe5 Qa5+ 10. Bd2 Bb4 11. c3 Be7 12. O-O Nxe5 13. Nd4 Bg6 14. Be3 Qd5 15. Qb3 Bd3 16. Bxd3 Nxd3 17. Rfd1 Nc5 18. Qxd5 Rxd5 19. Nb5 Rxd1+ 20. Rxd1 a6 21. Bxc5 Bxc5 22. Nd4 Rd8 23. Kf1 Bxd4 24. cxd4 Re8 25. f3 Kd7 26. Kf2 Kd6 27. Rc1 b6 28. Rc2 c6 29. b3 Kd5 30. Rc4 Re6 31. g3 b5 32. Rc2 Kxd4 33. Rc1 c5 34. Rc2 c4 35. bxc4 bxc4 36. Rc1 c3 37. Rc2 Kd3 0-1


[Site "https://www.chess.com"]

[Event "Titled Tuesday Blitz May 16 Early 2023"]
[White "Bachmann, Axel"]
[Black "Hirneise, Jens"]
[WhiteFideId "3700488"]
[BlackFideId "24614734"]
[WhiteElo "2605"]
[BlackElo "2345"]
[Result "0-1"]
[Round "01"]
[TimeControl "180+2"]
[Date "2023.05.16"]
[WhiteClock "0:00:00"]
[BlackClock "0:00:32"]

1. e4 c6 2. d4 d5 3. f3 Qb6 4. Nc3 dxe4 5. fxe4 e5 6. Nf3 exd4 7. Nxd4 Bc5 8. Na4 Qa5+ 9. c3 Bxd4 10. Qxd4 Nf6 11. e5 Ng4 12. Nc5 O-O 13. Bf4 Rd8 14. Qc4 b6 15. Nb3 Qd5 16. Qxd5 Rxd5 17. Bc4 Rd8 18. h3 Nh6 19. O-O b5 20. Be2 Nf5 21. Rad1 Re8 22. g4 Ne7 23. Bf3 Be6 24. Nd4 Bd5 25. Bg5 Bxf3 26. Rxf3 Ng6 27. Bf4 a6 28. Bg3 c5 29. Nf5 Nc6 30. Nd6 Re7 31. Nf5 Re6 32. Rd6 Ncxe5 33. Bxe5 Nxe5 34. Rxe6 Nxf3+ 0-1


[Site "https://www.chess.com"]

[Event "Titled Tuesday Blitz May 16 Early 2023"]
[White "Martic, Ivan"]
[Black "Lobanov, Sergei"]
[WhiteFideId "929301"]
[BlackFideId "24183750"]
[WhiteElo "2360"]
[BlackElo "2501"]
[Result "0-1"]
[Round "01"]
[TimeControl "180+2"]
[Date "2023.05.16"]
[WhiteClock "0:00:08"]
[BlackClock "0:00:05"]

1. d4 Nf6 2. Bg5 d5 3. Nd2 c5 4. e3 cxd4 5. exd4 Nc6 6. c3 e6 7. Ngf3 Be7 8. Bd3 O-O 9. O-O a6 10. a4 b6 11. Re1 Bb7 12. Ne5 Nxe5 13. dxe5 Nd7 14. Bxe7 Qxe7 15. Nf3 Nc5 16. Bc2 Rad8 17. Qd4 a5 18. Rad1 f5 19. exf6 Qxf6 20. Qxf6 Rxf6 21. Ne5 h6 22. f3 Rf4 23. Ng6 Rf6 24. Ne5 Kf8 25. Rd4 Ke7 26. h4 Rc8 27. h5 Nd7 28. Ng6+ Kd6 29. f4 Bc6 30. g3 Nc5 31. Ne5 Be8 32. Re3 Bxh5 33. c4 Be8 34. b3 g5 35. Ng4 Rf8 36. Nxh6 gxf4 37. gxf4 Bc6 38. Ng4 Kc7 39. Ne5 dxc4 40. Nxc6 cxb3 41. Bxb3 Kxc6 42. Bxe6 Rce8 43. Bd5+ Kc7 44. Rg3 Re2 45. Rg7+ Kc8 46. Bf3 Ra2 47. Bg4+ Kb8 48. Rd6 Rb2 49. Bf5 Nxa4 50. Rdd7 Nc5 51. Rde7 Rd8 52. Bg4 a4 53. f5 a3 54. Ra7 a2 55. Bf3 Rb1+ 56. Kg2 a1=Q 57. Rgb7+ Nxb7 58. Rxb7+ Kc8 59. Rxb6 Rg8+ 60. Kf2 Qd4+ 61. Ke2 Rxb6 0-1


[Site "https://www.chess.com"]

[Event "Titled Tuesday Blitz May 16 Early 2023"]
[White "Pakleza, Zbigniew"]
[Black "Rodchenkov, Sergey D."]
[WhiteFideId "1119290"]
[BlackFideId "4168712"]
[WhiteElo "2410"]
[BlackElo "2277"]
[Result "0-1"]
[Round "01"]
[TimeControl "180+2"]
[Date "2023.05.16"]
[WhiteClock "0:00:00"]
[BlackClock "0:00:25"]

1. d4 d5 2. Bf4 Nf6 3. e3 e6 4. Nd2 Bd6 5. Bg3 O-O 6. Ngf3 c5 7. c3 Qc7 8. Be2 Nbd7 9. c4 Bxg3 10. hxg3 cxd4 11. Nxd4 e5 12. Nb5 Qb6 13. cxd5 Nxd5 14. Qb3 N7f6 15. Nc4 Qe6 16. a4 Bd7 17. O-O a6 18. Nbd6 b5 19. axb5 axb5 20. Nxb5 Rab8 21. Nca3 Nf4 22. Bc4 Ne2+ 23. Kh1 Qg4 24. Bxe2 Qxe2 25. Rfe1 Qh5+ 26. Kg1 Ng4 27. Rad1 Bxb5 28. Nxb5 Qh2+ 29. Kf1 Qh1+ 30. Ke2 Qxg2 31. Rf1 e4 32. Rd4 Qf3+ 33. Kd2 Nxe3 34. Qxe3 Qxe3+ 35. Kxe3 Rxb5 36. Rxe4 g6 37. Kf3 Rb3+ 38. Re3 Rxb2 39. Kg2 Rfb8 40. Rfe1 Kg7 41. R1e2 R2b5 42. Re5 Rb1 43. Re8 R8b7 44. Re1 R1b6 45. R8e7 Rxe7 46. Rxe7 Rf6 47. Re3 h5 48. Rc3 Rb6 49. Rc4 Rb2 50. Rc5 f6 51. Rc7+ Kh6 52. Rc6 f5 53. Rc4 Kg5 54. Ra4 Re2 55. Rb4 Re4 56. Rb6 h4 57. Kh3 hxg3 58. fxg3 Re1 59. Rb4 Rh1+ 60. Kg2 Rc1 61. Kh3 Rh1+ 62. Kg2 Ra1 63. Kh3 Ra3 64. Rc4 Kh5 65. Rc5 Kh6 66. Rc6 f4 67. Kh4 Rxg3 68. Rf6 Rg1 69. Kh3 Kg5 70. Rf8 Rg3+ 71. Kh2 Ra3 72. Rg8 Kf5 73. Rf8+ Kg4 74. Rc8 Ra2+ 75. Rc2 Rxc2+ 0-1


[Site "https://www.chess.com"]

[Event "Titled Tuesday Blitz May 16 Early 2023"]
[White "Aarav Dengla"]
[Black "Remizov, Yaroslav"]
[WhiteFideId "45059756"]
[BlackFideId "34134015"]
[WhiteElo "2288"]
[BlackElo "2400"]
[Result "1-0"]
[Round "01"]
[TimeControl "180+2"]
[Date "2023.05.16"]
[WhiteClock "0:01:45"]
[BlackClock "0:00:02"]

1. e4 c6 2. d4 d5 3. exd5 cxd5 4. Bd3 Nc6 5. c3 Nf6 6. h3 g6 7. Qc2 Bg7 8. Nf3 O-O 9. Bf4 Qb6 10. O-O Bd7 11. Nbd2 Rac8 12. Qb1 Rfd8 13. Nb3 Be8 14. Nc5 Nd7 15. b4 Nxc5 16. dxc5 e5 17. cxb6 exf4 18. Qb3 axb6 19. Rac1 Bd7 20. Rfe1 h6 21. Bb5 Bf5 22. Nd4 Bxd4 23. cxd4 Nxd4 24. Rxc8 Bxc8 25. Qd3 Ne6 26. h4 h5 27. Re5 d4 28. Bc4 Kg7 29. Re4 Kh7 30. Bxe6 Bxe6 31. Rxd4 Ra8 32. a3 Bf5 33. Qf3 Be6 34. Rxf4 Kg7 35. Qxb7 Rxa3 36. Qxb6 Ra1+ 37. Kh2 Rd1 38. Qc5 Rd2 39. Qc3+ 1-0


[Site "https://www.chess.com"]

[Event "Titled Tuesday Blitz May 16 Early 2023"]
[White "Sethuraman, S.P."]
[Black "Rom, Jasper"]
[WhiteFideId "5021596"]
[BlackFideId "2023733"]
[WhiteElo "2543"]
[BlackElo "2233"]
[Result "1-0"]
[Round "01"]
[TimeControl "180+2"]
[Date "2023.05.16"]
[WhiteClock "0:00:11"]
[BlackClock "0:00:00"]

1. Nf3 d5 2. d4 e6 3. c4 c6 4. e3 f5 5. b3 Bd6 6. Bd3 Nf6 7. O-O Qe7 8. Bb2 O-O 9. Qc1 Ne4 10. Ba3 Nd7 11. Bxd6 Qxd6 12. Nc3 Rf6 13. Ne2 Rh6 14. Qb2 g5 15. Ne5 Nf8 16. f3 Nf6 17. Rac1 Bd7 18. b4 a6 19. a4 Be8 20. cxd5 Nxd5 21. e4 Qxb4 22. Qa2 Ne3 23. Rfe1 f4 24. Rb1 Qe7 25. Qb3 b5 26. Rec1 Qd6 27. Qc3 Ng6 28. Nxc6 Rc8 29. axb5 axb5 30. Bxb5 g4 31. Qc5 Qxc5 32. Rxc5 gxf3 33. gxf3 Kf8 34. Rb3 Rh3 35. Nxf4 Nxf4 36. Rxe3 Ng6 37. Bf1 Rh4 38. Nb4 Rb8 39. Nd3 Rb1 40. Rc8 Ke7 41. Re1 Bd7 42. Rxb1 Bxc8 43. Rc1 Bd7 44. Nf2 Rh5 45. Nd3 Rg5+ 46. Kf2 h5 47. h3 h4 48. f4 Rg3 49. Rc7 Kd6 50. Ra7 Bb5 51. Ne5 Bxf1 52. Nxg6 Rxg6 53. Kxf1 Rg3 54. Ra6+ Ke7 55. Ra7+ Kf6 56. Rh7 Rxh3 57. Rh6+ Kf7 58. Kf2 Rh2+ 59. Kf3 Rh3+ 60. Kg4 Rd3 61. Rxh4 Rxd4 62. e5 Kf8 63. Rh6 1-0


[Site "https://www.chess.com"]

[Event "Titled Tuesday Blitz May 16 Early 2023"]
[White "DubiousM0ves532"]
[Black "Pultinevicius, Paulius"]
[BlackFideId "12809390"]
[WhiteElo "2466"]
[BlackElo "2540"]
[Result "0-1"]
[Round "01"]
[TimeControl "180+2"]
[Date "2023.05.16"]
[WhiteClock "0:00:06"]
[BlackClock "0:00:42"]

1. Nf3 g6 2. d4 Nf6 3. Bf4 Bg7 4. e3 O-O 5. h3 c5 6. c3 Qb6 7. Qc1 d6 8. Nbd2 Be6 9. Bc4 Bxc4 10. Nxc4 Qa6 11. b3 Nd5 12. Bg3 b5 13. Nb2 b4 14. c4 Nc3 15. Nd1 Ne4 16. Bh2 Nc6 17. O-O cxd4 18. exd4 Nxd4 19. Nxd4 Bxd4 20. Ne3 Bxa1 21. Qxa1 Nc3 22. a4 e5 23. f4 Rae8 24. fxe5 dxe5 25. Ng4 f6 26. Qe1 h5 27. Ne3 Qd6 28. Kh1 Qd3 29. Rf3 Qe4 30. Qf2 f5 31. Bg1 Rd8 32. Nd5 Nxd5 33. cxd5 Rxd5 34. Qxa7 Rd3 35. Qa6 Rd7 36. Qe6+ Rdf7 37. Qxg6+ Rg7 38. Qxh5 Qe2 39. Rf2 Qxh5 0-1


[Site "https://www.chess.com"]

[Event "Titled Tuesday Blitz May 16 Early 2023"]
[White "Molina, Roberto Junio Brito"]
[Black "Liu, Casper"]
[WhiteFideId "2109450"]
[BlackFideId "1454153"]
[WhiteElo "2376"]
[BlackElo "2221"]
[Result "1/2-1/2"]
[Round "01"]
[TimeControl "180+2"]
[Date "2023.05.16"]
[WhiteClock "0:01:49"]
[BlackClock "0:01:55"]

1. d4 c5 2. d5 g6 3. e4 Bg7 4. Nf3 d6 5. Be2 f5 6. exf5 Bxf5 7. Bd3 Nf6 8. Bxf5 gxf5 9. Nc3 O-O 10. O-O Nbd7 11. Ng5 Qe8 12. Ne6 Qg6 13. Nxf8 Rxf8 14. Bf4 Nh5 15. Qf3 Ne5 16. Bxe5 dxe5 17. g3 e4 18. Qg2 Kh8 19. Rae1 Rg8 20. Kh1 Bxc3 21. bxc3 Nf4 22. Qg1 Nh3 23. Qg2 Nf4 24. Qg1 Nh3 25. Qg2 Nf4 1/2-1/2


[Site "https://www.chess.com"]

[Event "Titled Tuesday Blitz May 16 Early 2023"]
[White "Srebrnic, Marko"]
[Black "Boyer, Mahel"]
[WhiteFideId "14603616"]
[BlackFideId "45102422"]
[WhiteElo "2341"]
[BlackElo "2439"]
[Result "0-1"]
[Round "01"]
[TimeControl "180+2"]
[Date "2023.05.16"]
[WhiteClock "0:00:05"]
[BlackClock "0:00:04"]

1. e4 Nc6 2. Nf3 d5 3. Nc3 dxe4 4. Nxe4 f5 5. Nc3 e5 6. Bb5 e4 7. Ne5 Qd6 8. d4 a6 9. Bxc6+ bxc6 10. Bf4 Qe6 11. d5 cxd5 12. Nxd5 Bd6 13. Qd4 Nf6 14. Qa4+ Bd7 15. Nxd7 Qxd7 16. Nxf6+ gxf6 17. Qxd7+ Kxd7 18. O-O-O Ke6 19. Be3 f4 20. Bd4 Rhg8 21. g3 f3 22. c4 Rad8 23. Kc2 Be5 24. Be3 h5 25. Rxd8 Rxd8 26. h3 f5 27. Re1 h4 28. gxh4 Rh8 29. Bg5 Bf6 30. Rg1 Bxg5 31. hxg5 Rxh3 32. g6 Rh8 33. b4 Kf6 34. g7 Rg8 35. a4 Rxg7 36. Rxg7 Kxg7 37. b5 e3 38. bxa6 exf2 39. a7 f1=Q 40. a8=Q Qxc4+ 41. Kb2 Qd4+ 42. Kc2 Qc4+ 43. Kd2 Qe2+ 44. Kc3 f2 45. Qg2+ Kf6 46. Qc6+ Qe6 47. Qf3 Qe1+ 48. Kd4 f1=Q 49. Qc6+ Qe6 50. Qc3 Qf4+ 51. Kd3+ Kg5 52. Qg7+ Qg6 53. Qe7+ Kh5 54. Qh4+ Qxh4 55. a5 Qgg3+ 56. Ke2 Qhh2+ 57. Kf1 Qgg1# 0-1


[Site "https://www.chess.com"]

[Event "Titled Tuesday Blitz May 16 Early 2023"]
[White "Averjanov, Alexey"]
[Black "Castellanos Gomez, Alejandro"]
[WhiteFideId "14109867"]
[BlackFideId "22284141"]
[WhiteElo "2801"]
[BlackElo "2158"]
[Result "1-0"]
[Round "01"]
[TimeControl "180+2"]
[Date "2023.05.16"]
[WhiteClock "0:00:36"]
[BlackClock "0:00:00"]

1. d4 d5 2. c4 e6 3. Nf3 Nf6 4. e3 Bd6 5. Nbd2 O-O 6. Bd3 b6 7. O-O Bb7 8. Qe2 Ne4 9. b3 Nd7 10. Bb2 Qf6 11. Rac1 Qh6 12. cxd5 Nxd2 13. Qxd2 Nf6 14. Qe2 exd5 15. Ba6 Bxa6 16. Qxa6 Rfe8 17. Ba3 Ne4 18. Bxd6 Qxd6 19. Rc2 c5 20. dxc5 Nxc5 21. Qe2 Rad8 22. Rd1 Ne4 23. Qd3 h6 24. h3 Nc5 25. Qd4 Re4 26. Qd2 g5 27. Nd4 Qg6 28. b4 Nd7 29. Rc6 Qh7 30. Nf3 Ne5 31. Nxe5 Rxe5 32. Qd4 Qe4 33. Rxh6 Qxd4 34. Rxd4 Rc8 35. Rd6 Rc1+ 36. Kh2 Rc2 37. Kg3 Rxa2 38. R6xd5 Rxd5 39. Rxd5 f6 40. Rd7 Ra4 41. b5 Ra5 42. Kg4 Ra2 43. Kf3 Ra5 44. g3 Rxb5 45. Rxa7 Rb2 46. Rb7 b5 47. e4 b4 48. Ke3 b3 49. Kf3 Rb1 50. Kg4 Rb2 51. f3 Kf8 52. Kf5 Ke8 53. Kxf6 Kd8 54. Kxg5 Kc8 55. Rb4 Kc7 56. h4 Kc6 57. h5 Kc5 58. Rb8 Kc4 59. h6 Rg2 60. h7 Rxg3+ 61. Kf4 Rh3 62. h8=Q 1-0


[Site "https://www.chess.com"]

[Event "Titled Tuesday Blitz May 16 Early 2023"]
[White "Eynullayev, Atilla"]
[Black "Hambleton, Aman"]
[WhiteFideId "13413570"]
[BlackFideId "2606577"]
[WhiteElo "2181"]
[BlackElo "2511"]
[Result "1-0"]
[Round "01"]
[TimeControl "180+2"]
[Date "2023.05.16"]
[WhiteClock "0:00:12"]
[BlackClock "0:00:04"]

1. d4 Nf6 2. c4 e6 3. Nc3 Bb4 4. e3 O-O 5. Bd3 d5 6. Nf3 c5 7. cxd5 cxd4 8. exd4 Qxd5 9. O-O Bxc3 10. bxc3 b6 11. Bg5 Nbd7 12. c4 Qd6 13. Re1 h6 14. Bh4 Bb7 15. Bg3 Qa3 16. Re3 Qa5 17. Ne5 Rfe8 18. Qe2 Rac8 19. Re1 Nxe5 20. Bxe5 Nd7 21. d5 exd5 22. Bxg7 Rxe3 23. Qxe3 Kxg7 24. Qg3+ Kh8 25. Re7 Nf8 26. Qf4 Qc3 27. Qxf7 Qa1+ 28. Bf1 Bc6 29. h4 dxc4 30. Qf4 Bd5 31. Qxh6+ Kg8 32. Qg5+ Kh8 33. Qxd5 Qf6 34. Qh5+ Kg8 35. Re3 Rc7 36. Rg3+ Rg7 37. Bxc4+ Ne6 38. Qe8+ Kh7 39. Qxe6 Qa1+ 40. Kh2 Rxg3 41. fxg3 Qg7 42. Qf7 Qxf7 43. Bxf7 Kg7 44. Bc4 b5 45. Bxb5 Kf6 46. Ba6 Ke5 47. h5 Kf6 48. g4 Kg5 49. Kg3 Kh6 50. Kf4 Kg7 51. g5 Kh7 52. Kf5 Kg7 53. h6+ Kh8 54. Kf6 Kg8 55. g6 Kh8 56. g7+ Kh7 57. Bd3+ Kg8 58. h7# 1-0


[Site "https://www.chess.com"]

[Event "Titled Tuesday Blitz May 16 Early 2023"]
[White "Aydincelebi, Kagan"]
[Black "Jovic, Stanoje"]
[WhiteFideId "6361102"]
[BlackFideId "905020"]
[WhiteElo "2180"]
[BlackElo "2236"]
[Result "1/2-1/2"]
[Round "01"]
[TimeControl "180+2"]
[Date "2023.05.16"]
[WhiteClock "0:00:20"]
[BlackClock "0:00:05"]

1. e4 c6 2. d4 d5 3. exd5 cxd5 4. c4 Nf6 5. Nc3 Nc6 6. Bg5 dxc4 7. Bxc4 e6 8. Nf3 Be7 9. O-O O-O 10. a3 a6 11. Qd3 b5 12. Ba2 Bb7 13. Rad1 Rc8 14. Rfe1 Na5 15. Ne5 Nd5 16. Bb1 g6 17. Bh6 Re8 18. Ne4 Nc4 19. Qf3 f5 20. Nc5 Nxe5 21. Rxe5 Bxc5 22. dxc5 Rxc5 23. Qg3 Qf6 24. Bg5 f4 25. Bxf6 fxg3 26. hxg3 Kf7 27. Bg5 Rec8 28. Rde1 R8c6 29. Kh2 Nf6 30. Rxc5 Rxc5 31. Bd2 Bd5 32. f3 Bb3 33. Bc3 Nd5 34. Bd4 Rc6 35. g4 Bc2 36. Rc1 Rc4 37. Be5 Bxb1 38. Rxb1 Rc2 39. Re1 g5 40. Kg3 a5 41. Bd4 a4 42. Rh1 Kg6 43. Re1 Kf7 44. Re5 h6 45. Re1 Rd2 46. Be5 Rc2 47. Rd1 Re2 48. Bd4 Rc2 49. Bf2 Rxb2 50. Rc1 Rb3 51. Bc5 Rc3 52. Rxc3 Nxc3 53. Kf2 Nd5 54. g3 e5 55. Ke2 Kg6 56. Kd3 h5 57. gxh5+ Kxh5 58. Ke4 Nc3+ 59. Kxe5 g4 60. f4 Ne2 61. f5 Nxg3 62. f6 Kg6 63. Ke6 Nh5 64. f7 Ng7+ 65. Ke7 Nf5+ 66. Ke8 Ng7+ 67. Ke7 Nf5+ 68. Ke8 Ng7+ 69. Ke7 1/2-1/2


[Site "https://www.chess.com"]

[Event "Titled Tuesday Blitz May 16 Early 2023"]
[White "Kravtsiv, Martyn"]
[Black "Rios Escobar, Adan"]
[WhiteFideId "14113147"]
[BlackFideId "3403645"]
[WhiteElo "2695"]
[BlackElo "2458"]
[Result "1-0"]
[Round "01"]
[TimeControl "180+2"]
[Date "2023.05.16"]
[WhiteClock "0:00:56"]
[BlackClock "0:00:00"]

1. e4 c5 2. Nf3 d6 3. Bb5+ Nd7 4. d4 cxd4 5. Qxd4 e5 6. Qd3 h6 7. O-O Nf6 8. Be3 a6 9. Bxd7+ Bxd7 10. c4 Rc8 11. Nc3 Be7 12. a4 b6 13. h3 Qc7 14. Nd2 Be6 15. Nd5 Bxd5 16. cxd5 Qb7 17. Nc4 Nd7 18. f4 O-O 19. Rac1 Rc7 20. fxe5 Nxe5 21. Nxe5 dxe5 22. Rxc7 Qxc7 23. Qxa6 Bc5 24. Qd3 Rd8 25. Rc1 Bxe3+ 26. Qxe3 Qa7 27. b3 Qa5 28. Kh2 Qb4 29. Rc4 Qa3 30. Qxb6 Rd6 31. Rc6 Rg6 32. Rxg6 fxg6 33. Qxg6 Qxb3 34. a5 1-0


[Site "https://www.chess.com"]

[Event "Titled Tuesday Blitz May 16 Early 2023"]
[White "Osinovsky, Stepan"]
[Black "Zemlyanskii, Ivan"]
[WhiteFideId "4157354"]
[BlackFideId "24249971"]
[WhiteElo "2222"]
[BlackElo "2421"]
[Result "0-1"]
[Round "01"]
[TimeControl "180+2"]
[Date "2023.05.16"]
[WhiteClock "0:00:00"]
[BlackClock "0:00:09"]

1. e4 Nc6 2. Nf3 d5 3. exd5 Qxd5 4. Nc3 Qd6 5. g3 Qe6+ 6. Be2 Nf6 7. d4 Nb4 8. Nb5 Qb6 9. a3 Nbd5 10. c4 a6 11. Qa4 Bd7 12. Ne5 c6 13. Nxd7 Nxd7 14. Nd6+ exd6 15. cxd5 Be7 16. dxc6 bxc6 17. O-O O-O 18. Bf3 Rac8 19. Be3 Nf6 20. d5 c5 21. b4 Qb5 22. Qxb5 axb5 23. bxc5 dxc5 24. Rab1 b4 25. axb4 cxb4 26. Rfd1 Rfd8 27. Bb6 Rd7 28. Ba5 Rb8 29. Kg2 Rb5 30. Ra1 Ra7 0-1


[Site "https://www.chess.com"]

[Event "Titled Tuesday Blitz May 16 Early 2023"]
[White "Fernandez Guillen, Ernesto J."]
[Black "Zavortink, Matt"]
[WhiteFideId "3512428"]
[BlackFideId "2034263"]
[WhiteElo "2429"]
[BlackElo "2457"]
[Result "1-0"]
[Round "01"]
[TimeControl "180+2"]
[Date "2023.05.16"]
[WhiteClock "0:00:30"]
[BlackClock "0:00:04"]

1. e4 e6 2. Nf3 d5 3. Nc3 Nf6 4. e5 Nfd7 5. d4 c5 6. Ne2 Nc6 7. c3 Be7 8. a3 O-O 9. h4 Qa5 10. Bd2 Qb6 11. b4 cxd4 12. cxd4 f6 13. Be3 a5 14. b5 Qxb5 15. Nf4 Qb2 16. Nxe6 Ndxe5 17. Nxf8 Nxf3+ 18. gxf3 Bxf8 19. Bd3 Qc3+ 20. Kf1 f5 21. Kg2 Bxa3 22. Qe2 Bd7 23. Bd2 Qb2 24. Rhb1 Qxd4 25. Rxa3 Qxh4 26. Rh1 Qf6 27. f4 Re8 28. Qh5 h6 29. Re1 Rxe1 30. Bxe1 d4 31. Bc4+ Kh7 32. Qf7 Qd8 33. Bd3 Ne7 34. Rxa5 Bc6+ 35. f3 Qd7 36. Re5 1-0


[Site "https://www.chess.com"]

[Event "Titled Tuesday Blitz May 16 Early 2023"]
[White "liwadas82"]
[Black "Smirnov, Pavel"]
[BlackFideId "4123425"]
[WhiteElo "2457"]
[BlackElo "2520"]
[Result "1-0"]
[Round "01"]
[TimeControl "180+2"]
[Date "2023.05.16"]
[WhiteClock "0:00:34"]
[BlackClock "0:00:00"]

1. e4 e5 2. Nf3 Nc6 3. Bb5 a6 4. Ba4 Nf6 5. d4 exd4 6. O-O Be7 7. Re1 b5 8. e5 Nxe5 9. Rxe5 d6 10. Re1 bxa4 11. Nxd4 Bd7 12. Qe2 O-O 13. Qxe7 Qc8 14. Qe2 c5 15. Nf3 Re8 16. Qf1 Bc6 17. Rxe8+ Qxe8 18. Nbd2 d5 19. b3 d4 20. Nc4 Bxf3 21. gxf3 Nd5 22. Bd2 Qc6 23. Qd3 Nf6 24. Re1 axb3 25. axb3 h6 26. Ne5 Qb7 27. Ng4 Nd5 28. Qe4 Rf8 29. Bxh6 f5 30. Qe6+ Kh7 31. Ne5 Rf6 32. Qe8 Rxh6 33. Nf7 Rh5 34. h4 Qc7 35. Qh8+ Kg6 36. Ne5+ Qxe5 37. Qxh5+ Kxh5 38. Rxe5 Nb4 39. Rxf5+ Kxh4 40. Rxc5 g5 41. Kg2 Na2 42. Ra5 1-0


[Site "https://www.chess.com"]

[Event "Titled Tuesday Blitz May 16 Early 2023"]
[White "Kilic, Eray"]
[Black "Bettalli, Francesco"]
[WhiteFideId "44517173"]
[BlackFideId "2816453"]
[WhiteElo "2328"]
[BlackElo "2216"]
[Result "1-0"]
[Round "01"]
[TimeControl "180+2"]
[Date "2023.05.16"]
[WhiteClock "0:00:23"]
[BlackClock "0:00:08"]

1. d4 g6 2. e4 Bg7 3. Nc3 c6 4. Bc4 e6 5. e5 d5 6. exd6 Qxd6 7. Nf3 Ne7 8. O-O O-O 9. Ne4 Qc7 10. Bg5 Nd5 11. Bxd5 exd5 12. Nf6+ Kh8 13. Qd2 Bf5 14. Ne5 Nd7 15. Nexd7 Bxd7 16. Rae1 Be6 17. c3 c5 18. dxc5 Qxc5 19. Be3 Qc6 20. Bd4 Bf5 21. Nxd5 Rad8 22. Bxg7+ Kxg7 23. Qd4+ f6 24. Re7+ Rf7 25. Rxf7+ Kxf7 26. c4 b5 27. b3 bxc4 28. bxc4 Rd7 29. g4 Bc2 30. Rc1 Ba4 31. Re1 Qd6 32. g5 Bc6 33. Qh4 h5 34. gxh6 Bxd5 35. h7 Rd8 36. h8=Q Rxh8 37. Qxh8 Bc6 38. Qh7+ Kf8 39. Qxg6 Qd4 40. h3 a5 41. Rb1 Qf4 42. Rf1 Qf3 43. Kh2 Qf4+ 44. Qg3 Qxc4 45. Rg1 Qe4 46. Qg8+ Ke7 47. Rg7+ Kd6 48. Qf8+ Kd5 49. Qd8+ Kc4 50. Qg8+ Kc3 51. Rg3+ Kd2 52. Qd8+ Bd5 53. Qxa5+ Kd1 54. Rg1+ Kc2 55. Qc5+ Kb2 56. Qc1+ Kxa2 57. Qa1+ Kb3 58. Qb1+ Kc4 59. Qxe4+ Bxe4 60. h4 Kd3 61. h5 Ke2 62. h6 Kxf2 63. Rg7 f5 64. h7 f4 65. h8=Q f3 66. Qh4+ Ke2 67. Kg1 Bd3 68. Qf2+ 1-0


[Site "https://www.chess.com"]

[Event "Titled Tuesday Blitz May 16 Early 2023"]
[White "Aakanksha Hagawane"]
[Black "Rozman, Levy"]
[WhiteFideId "25014510"]
[BlackFideId "2039877"]
[WhiteElo "2081"]
[BlackElo "2376"]
[Result "0-1"]
[Round "01"]
[TimeControl "180+2"]
[Date "2023.05.16"]
[WhiteClock "0:00:00"]
[BlackClock "0:01:03"]

1. e4 c6 2. Nc3 d5 3. Nf3 a6 4. a4 Bg4 5. h3 Bxf3 6. Qxf3 e6 7. a5 Nf6 8. exd5 cxd5 9. d4 Nc6 10. Qd1 Nxa5 11. Be2 Nc6 12. O-O Bd6 13. Bg5 h6 14. Be3 O-O 15. Bd3 Nb4 16. Be2 Rc8 17. f4 Ne4 18. Nxe4 dxe4 19. c4 b5 20. b3 Qd7 21. Qd2 Be7 22. f5 exf5 23. d5 Rfd8 24. cxb5 axb5 25. Ra7 Qxd5 26. Rxe7 Qxd2 27. Bxd2 Rxd2 28. Bxb5 Nd5 29. Rd7 Rcc2 30. Rxf5 Rxg2+ 31. Kh1 Rh2+ 32. Kg1 Rcg2+ 33. Kf1 Ne3+ 34. Ke1 Nxf5 0-1


[Site "https://www.chess.com"]

[Event "Titled Tuesday Blitz May 16 Early 2023"]
[White "Bondau"]
[Black "electrosaw"]
[WhiteElo "2782"]
[BlackElo "2454"]
[Result "1-0"]
[Round "01"]
[TimeControl "180+2"]
[Date "2023.05.16"]
[WhiteClock "0:00:06"]
[BlackClock "0:00:06"]

1. e4 c5 2. Nf3 g6 3. c3 Bg7 4. d4 cxd4 5. cxd4 d5 6. e5 Nc6 7. Nc3 Bg4 8. Be2 Nh6 9. h3 Bxf3 10. Bxf3 e6 11. Be3 Nf5 12. Qd2 O-O 13. O-O f6 14. exf6 Qxf6 15. Bg4 Ncxd4 16. Bxd4 Nxd4 17. Rfe1 Rae8 18. Nd1 h5 19. Be2 Nxe2+ 20. Rxe2 Rc8 21. Nc3 Rfe8 22. Rae1 a6 23. Nxd5 Qf7 24. Nc3 Rcd8 25. Qg5 Bxc3 26. bxc3 Kg7 27. Qg3 Rd5 28. c4 Rf5 29. Re5 Rd8 30. Rxe6 Rd7 31. R6e5 Rxe5 32. Qxe5+ Kh7 33. c5 Rd2 34. Qe3 Rxa2 35. Qd4 Rc2 36. Qh4 Rc4 37. Qd8 Kh6 38. g3 Rc2 39. Qd4 Rc4 40. Qh8+ Qh7 41. Qf8+ Qg7 42. Qd6 Qc3 43. Qf8+ Qg7 44. Qd6 Qc3 45. Re8 Qc1+ 46. Kg2 h4 47. Qf8+ Kg5 48. Re5# 1-0


[Site "https://www.chess.com"]

[Event "Titled Tuesday Blitz May 16 Early 2023"]
[White "Jumanov, Elbek"]
[Black "Weetik, Vjacheslav"]
[WhiteFideId "14202905"]
[BlackFideId "4153472"]
[WhiteElo "2055"]
[BlackElo "2469"]
[Result "0-1"]
[Round "01"]
[TimeControl "180+2"]
[Date "2023.05.16"]
[WhiteClock "0:00:00"]
[BlackClock "0:00:23"]

1. c4 e6 2. Nf3 d5 3. d4 Nf6 4. g3 Bb4+ 5. Bd2 Be7 6. Bg2 c6 7. O-O Nbd7 8. Qc2 b6 9. Nc3 Ba6 10. cxd5 cxd5 11. Rfc1 O-O 12. Qa4 Bb7 13. Bf4 a6 14. Ne5 b5 15. Qb3 Nxe5 16. Bxe5 Nd7 17. Bf4 Nb6 18. a4 b4 19. Nd1 Nc4 20. Ne3 g5 21. Qa2 b3 22. Qb1 Nd2 23. Qd3 gxf4 24. Ng4 Nc4 25. gxf4 Kh8 26. Qh3 f5 0-1


[Site "https://www.chess.com"]